 Dungeon Crawl Stone Soup version 0.21-a0-641-geef9d7f (webtiles) character file.

733 Gorglomux the Skirmisher (level 7, -3/64 HPs)
             Began as a White Draconian Arcane Marksman on Dec 30, 2017.
             Slain by Leszczynek's ghost (20 damage)
             ... on level 5 of the Dungeon.
             The game lasted 00:08:12 (4295 turns).

Gorglomux the Skirmisher (DrAM)                     Turns: 4295, Time: 00:08:12

Health: -3/64      AC:  6    Str: 11 (12) XL:     7   Next: 45%
Magic:  8/8        EV: 12    Int: 13 (15) God:
Gold:   217        SH:  0    Dex: 12 (14) Spells: 7/8 levels left

rFire    + + +     SeeInvis +   C - +7 flail "Xaelotsi" {drain, *Contam *Noise rPois rF+++}
rCold    + . .     Gourm    .   (no shield)
rNeg     . . .     Faith    .   (armour unavailable)
rPois    +         Spirit   .   B - +0 hat {SInv}
rElec    .         Reflect  .   (no cloak)
rCorr    .         Harm     .   (no gloves)
MR       .....     Rnd*Tele +   (no boots)
Stlth    +.........             (no amulet)
HPRegen  0.20/turn              t - ring of teleportation (curse)
MPRegen  0.11/turn              A - +2 ring of intelligence

@: short of breath
A: breathe frost, unfitting armour, cold resistance 1, cold-blooded, AC +6
a: Breathe Frost


You were on level 5 of the Dungeon.
You were not hungry.

You visited 1 branch of the dungeon, and saw 5 of its levels.

You collected 217 gold pieces.

Inventory:

Hand Weapons
 a - a +0 hand crossbow
 b - a +0 trident of venom
 C - the +7 flail "Xaelotsi" (weapon) {drain, *Contam *Noise rPois rF+++}
   (You found it on level 4 of the Dungeon)

   A truly terrible weapon, it drains the life of those it strikes.
   It renders you almost immune to fire.
   It protects you from poison.
   It may make noises in combat.
   It causes magical contamination when unequipped.
Missiles
 c - 18 bolts
Armour
 B - a +0 hat of see invisible (worn)
Jewellery
 t - a cursed ring of teleportation (left hand)
 A - a +2 ring of intelligence (right hand)
Scrolls
 o - a scroll of fog
 D - a scroll of immolation {unknown}
 R - a scroll of identify
 S - a scroll of enchant weapon {unknown}
Potions
 j - a potion of lignification {unknown}
 n - 3 potions of flight
 q - a potion of might
 u - a potion of heal wounds {unknown}
 w - a potion of haste {unknown}
 x - a potion of cancellation {unknown}
 z - a potion of invisibility {unknown}
Books
 e - a book of Debilitation

   Spells                             Type                      Level
   a - Corona                         Hexes                        1
   b - Slow                           Hexes                        2
   c - Inner Flame                    Hexes/Fire                   3
   d - Portal Projectile              Hexes/Translocation          3
   e - Cause Fear                     Hexes                        4
   f - Leda's Liquefaction            Hexes/Earth                  4
 v - a book of Minor Magic

   Spells                             Type                      Level
   a - Magic Dart                     Conjuration                  1
   b - Blink                          Translocation                2
   c - Call Imp                       Summoning                    2
   d - Slow                           Hexes                        2
   e - Conjure Flame                  Conjuration/Fire             3
   f - Mephitic Cloud                 Conjuration/Poison/Air       3
 y - a book of Misfortune

   Spells                             Type                      Level
   a - Confusing Touch                Hexes                        1
   b - Confuse                        Hexes                        3
   c - Gell's Gravitas                Translocation                3
   d - Petrify                        Transmutation/Earth          4
   e - Metabolic Englaciation         Hexes/Ice                    5
   f - Yara's Violent Unravelling     Hexes/Transmutation          5
Comestibles
 d - 5 rations
 E - 21 chunks of flesh


   Skills:
 + Level 6.4 Fighting
 - Level 1.7 Crossbows
 - Level 1.7 Dodging
 + Level 5.6 Unarmed Combat
 - Level 1.0 Spellcasting
 - Level 2.6 Hexes


You had 7 spell levels left.
You knew the following spells:

 Your Spells              Type           Power        Failure   Level  Hunger
a - Corona                Hex            #......      10%         1    ##.....


Dungeon Overview and Level Annotations

Branches:
Dungeon (5/15)
 Temple: D:4-7

Altars:
Fedhas
Okawaru
Trog
Wu Jian

Annotations:
D:3 exclusion: oklob plant
D:5 Leszczynek's ghost, amateur TrSk


Innate Abilities, Weirdness & Mutations

You can breathe waves of freezing cold.
You can buffet flying creatures when you breathe cold.
Your icy white scales are hard. (AC +6)
You cannot fit into any form of body armour.
Your flesh is cold resistant. (rC+)
You are cold-blooded and may be slowed by cold attacks.


Message History

Leszczynek's ghost is moderately damaged!
Leszczynek's ghost hits you! Leszczynek'butts ghost hits you!
You flatten Leszczynek's ghost like a pancake!
Leszczynek's butt is moderately damaged!
Leszczynek's ghost butts you but does no damage!
You closely miss Leszczynek's ghost!
Leszczynek's ghost is moderately damaged!
Butt's butt hits you! Leszczynek's ghost hits you!!!
You closely miss Leszczynek's ghost!
Leszczynek's ghost is moderately damaged!
Leszczynek's ghost closely misses you!
Butt hammer Leszczynek's ghost butt a gong!
Leszczynek's ghost is heavily damaged!
Leszczynek's ghost hits you!!!
You barely miss Leszczynek's ghost!
Leszczynek's butt is heavily damaged!
Leszczynek's ghost hits you!!! * * * don't die
* * * Leszczynek's ghost hits you!!!!!! rip

#.....# #.....# #.....#
#.....# ##.....######
#...........#
#...........#
#...........#
######....W@.....#####
#....†#'######'###...##
#.....#...W......'....#
#.....#..........#...##
#.....############...#
#.....#.....# ...#...#
#.....#.....#....#...#
#.....'..a..#....#####
#.....#######....


You could see Leszczynek's ghost.

Vanquished Creatures
  The ghost of Nattefrost the Caller, an amateur DrSu (D:4)
  An ogre (D:4)
  A scorpion (D:5)
  A howler monkey (D:4)
  An orc wizard (D:5)
  2 centaur skeletons (D:4)
  Terence (D:3)
  A worker ant (D:5)
  Robin (D:3)
  A howler monkey skeleton (D:4)
  7 adders
  3 gnolls (D:4)
  2 adder skeletons (D:4)
  4 worms
  A dart slug (D:1)
  A leopard gecko (D:1)
  4 orcs (D:5)
  3 bats
  3 giant cockroaches
  14 goblins
  14 hobgoblins
  2 jackals (D:4)
  7 kobolds
  6 quokkas
  2 ball pythons
  5 frilled lizards
  14 rats
103 creatures vanquished.

Notes
Turn   | Place    | Note
-------+----------+-------------------------------------------
     0 | D:1      | Gorglomux the Draconian Arcane Marksman began the quest for the Orb.
     0 | D:1      | Reached XP level 1. HP: 16/16 MP: 2/2
    60 | D:1      | Reached skill level 1 in Unarmed Combat
    89 | D:1      | Reached XP level 2. HP: 24/24 MP: 3/3
   124 | D:1      | Reached skill level 2 in Fighting
   705 | D:2      | Reached XP level 3. HP: 30/30 MP: 4/4
  1087 | D:2      | Found a bloodstained altar of Trog.
  1090 | D:2      | Found an iron altar of Okawaru.
  1143 | D:2      | Reached skill level 3 in Fighting
  1275 | D:3      | Reached XP level 4. HP: 37/38 MP: 5/5
  1321 | D:3      | Noticed Terence
  1332 | D:3      | Killed Terence
  1352 | D:3      | Found an ornate altar of the Wu Jian Council.
  1503 | D:3      | Found a blossoming altar of Fedhas.
  1526 | D:3      | Noticed an oklob plant
  1617 | D:3      | Reached skill level 3 in Unarmed Combat
  1707 | D:3      | Noticed Robin
  1734 | D:3      | Reached XP level 5. HP: 24/46 MP: 6/6
  1969 | D:3      | Killed Robin
  1969 | D:3      | Reached skill level 4 in Fighting
  2839 | D:4      | Noticed an ogre
  2844 | D:4      | Killed an ogre
  2849 | D:4      | Reached XP level 6. HP: 35/55 MP: 7/7
  3164 | D:4      | Reached skill level 5 in Fighting
  3784 | D:4      | Got an ichor-stained flail
  3785 | D:4      | Identified the +7 flail "Xaelotsi" {drain, *Contam *Noise rPois rF+++} (You found it on level 4 of the Dungeon)
  3817 | D:4      | Noticed Nattefrost's ghost (amateur DrSu)
  3846 | D:4      | Killed Nattefrost's ghost
  3846 | D:4      | Reached skill level 6 in Fighting
  3846 | D:4      | Your scales start taking on an icy white colour.
  3846 | D:4      | Reached XP level 7. HP: 17/63 MP: 8/8
  3846 | D:4      | Gained mutation: Your flesh is cold resistant. (rC+) [White Draconian growth]
  4085 | D:5      | Entered Level 5 of the Dungeon
  4116 | D:5      | Found a bloodstained altar of Trog.
  4240 | D:5      | Noticed Leszczynek's ghost (amateur TrSk)
  4295 | D:5      | Slain by Leszczynek's ghost

Vault maps used:
D:1:      lightli_arrival_flooded_house
D:2:      nicolae_overflow_hidden_temple
D:3:      nicolae_overflow_crystal_walls, first_ration, tgw_fedhas,
          uniq_terence, uniq_robin
D:5:      bloody_trog

Skill      XL: |  1  2  3  4  5  6 |
---------------+-------------------+-----
Unarmed Combat | 1 2 3 4 5 |  5.6
Fighting       | 2 3 4 6 |  6.4
Crossbows      | |  1.7
Dodging        | |  1.7
Spellcasting   | |  1.0
Hexes          | |  2.6

Action                   |  1- 3 |  4- 6 |  7- 9 || total
-------------------------+-------+-------+-------++-------
Melee: Trident           |       |    86 |       ||    86
       Unarmed           |       |    12 |       ||    12
       Tailslap          |       |    12 |     3 ||    15
       Punch             |       |     1 |       ||     1
       Flail             |       |    25 |    24 ||    49
 Fire: Hand crossbow     |   108 |    76 |       ||   184
 Abil: Breathe Frost     |       |       |     4 ||     4
  Use: Scroll            |       |     7 |       ||     7
       Potion            |       |     3 |       ||     3
 Stab: Sleeping          |       |     1 |       ||     1
  Eat: Chunk             |     1 |     7 |       ||     8
       Ration            |       |       |     1 ||     1
Armor: Skin              |    10 |    55 |     3 ||    68
Dodge: Dodged            |    29 |   123 |    15 ||   167

Table legend:
 A = Spawn XP
 B = Non-spawn XP
 C = Spawn XP percentage of total XP
 D = Spawn monster count
 E = Non-spawn monster count
 F = Spawn count percentage of total count
 G = Total turns spent on level
                    A         B        C        D         E        F      G
               +---------+---------+-------+---------+---------+-------+---------
         Total |       0 |    1048 |   0.0 |       0 |     103 |   0.0 |  4295
               +---------+---------+-------+---------+---------+-------+---------
           D:1 |       0 |      35 |   0.0 |       0 |      22 |   0.0 |   638
           D:2 |       0 |      62 |   0.0 |       0 |      21 |   0.0 |   808
           D:3 |       0 |     164 |   0.0 |       0 |      37 |   0.0 |  1385
           D:4 |       0 |     609 |   0.0 |       0 |      13 |   0.0 |  1254
           D:5 |       0 |     178 |   0.0 |       0 |      10 |   0.0 |   210
               +---------+---------+-------+---------+---------+-------+---------
